Map: [ESL] Gresvan

Players

Cure - Winner!

  • Race: Terran Terran

Neeb

  • Race: Protoss Protoss

Event: IEM Katowice 2023

VOD

Have the link to the VOD?

Description

Time

  • Played on: Feb. 9, 2023, 6:21 a.m.
  • Length: 9:47

All games in this series

Show
View Real Time Build Order
Export as new Build Order

Cure Terran - Winner!

Build Orders:  

Get SALT Encoding   

  12  0:00  SCV  
  13  0:12  SCV  
  14  0:17  Supply Depot  
  14  0:24  SCV  
  15  0:39  Barracks, SCV  
  16  0:46  Refinery  
  16  0:51  SCV  
  17  1:03  SCV  
  18  1:15  SCV  
  19  1:26  Barracks Tech Lab  
  19  1:27  Orbital Command  
  19  1:43  Supply Depot  
  19  1:44  Marauder  
  21  1:47  Concussive Shells  
  21  1:53  SCV  
  22  2:06  Marauder  
  24  2:08  Command Center  
  24  2:10  SCV  
  25  2:19  Barracks  
  25  2:27  Marauder  
  27  2:32  Supply Depot  
  27  2:38  Bunker  
  27  2:39  SCV  
  28  2:48  Marauder  
  30  2:51  SCV  
  31  3:04  Barracks, SCV  
  31  3:10  Marauder  
  32  3:16  SCV  
  31  3:28  Engineering Bay, SCV  
  31  3:33  Marauder  
  32  3:40  SCV  
  30  3:52  SCV  
  30  3:53  Barracks Reactor  
  30  3:54  Marine  
  30  3:55  Terran Infantry Weapons Level 1  
  31  3:57  Orbital Command  
  29  4:07  Bunker  
  29  4:10  SCV  
  29  4:12  Marine  
  28  4:19  Missile Turret  
  28  4:23  SCV  
  29  4:26  SCV  
  29  4:29  Marine  
  31  4:33  Marine  
  31  4:35  Marine  
  33  4:39  SCV  
  33  4:40  SCV  
  35  4:47  Marine  
  35  4:51  Marine, SCV  
  35  4:52  SCV  
  39  4:53  Marine  
  40  5:04  SCV x2  
  40  5:05  Marine  
  43  5:09  Marine  
  43  5:10  Supply Depot  
  43  5:11  Marine  
  45  5:16  SCV x2  
  45  5:18  Marine  
  41  5:29  SCV  
  41  5:30  Marine, SCV  
  41  5:31  Marine, Barracks Tech Lab  
  45  5:42  SCV x2  
  48  5:45  Factory  
  48  5:48  Marine x2  
  48  5:49  Marine  
  51  5:50  Stimpack  
  51  5:54  SCV x2  
  51  5:57  Refinery  
  51  5:59  Missile Turret  
  51  6:00  Refinery  
  51  6:05  Barracks  
  51  6:06  Marine x2, SCV x2  
  55  6:12  Marine, Supply Depot  
  55  6:18  SCV x2  
  55  6:24  Marine x2  
  58  6:30  SCV x2  
  60  6:34  Marine  
  60  6:38  Supply Depot  
  61  6:40  Factory Reactor  
  61  6:41  Starport  
  61  6:42  Marine x2, SCV  
  61  6:43  SCV  
  65  6:52  Marine  
  66  6:55  SCV x2  
  66  6:58  Supply Depot, Refinery  
  66  6:59  Marine  
  66  7:00  Marine  
  69  7:01  Barracks  
  69  7:03  Barracks  
  69  7:06  Barracks Tech Lab  
  69  7:08  SCV x2  
  70  7:11  Marauder  
  69  7:17  Marine x2  
  69  7:20  SCV x2  
  73  7:24  Combat Shield, Factory Reactor  
  73  7:25  Medivac x2  
  73  7:27  Marauder  
  79  7:32  Supply Depot  
  79  7:34  Marauder  
  79  7:35  SCV, Supply Depot  
  83  7:37  SCV  
  83  7:40  Marine x2  
  85  7:49  Marauder  
  85  7:51  Barracks Tech Lab  
  86  7:56  Marauder  
  87  8:00  Barracks Reactor  
  87  8:01  Marine x2  
  87  8:04  Medivac x2  
  93  8:09  Supply Depot  
  93  8:11  Marauder  
  95  8:14  SCV  
  95  8:15  SCV  
  95  8:17  Marauder  
  95  8:18  Supply Depot  
  98  8:20  Supply Depot  
  98  8:22  Marine x2, Marauder  
  99  8:29  Widow Mine  
  99  8:34  Widow Mine  
  102  8:36  Marauder  
  102  8:39  Marine x2, Marauder  
  102  8:40  Marine x2, Medivac x2  
  114  8:42  Supply Depot  
  114  8:46  Marauder  
  116  8:52  Widow Mine  
  116  8:55  Widow Mine  
  120  9:00  Marine x2, Marauder  
  120  9:01  Marauder  
  126  9:03  Marine  
  126  9:07  Marauder  
  119  9:16  Marine  
  114  9:17  Marine x2  
  114  9:21  Marine, Marauder, Widow Mine x2  
  114  9:22  Marauder  
Show
View Real Time Build Order
Export as new Build Order

Neeb Protoss 

Build Orders: 1 Gate Expand, Oracle Opening 

Get SALT Encoding   

  12  0:00  Probe  
  13  0:12  Probe  
  14  0:17  Pylon  
  14  0:24  Probe  
  15  0:37  Gateway  
  15  0:38  Probe (Chrono Boost)  
  16  0:44  Assimilator  
  16  0:48  Probe (Chrono Boost)  
  17  0:52  Probe (Chrono Boost)  
  18  1:04  Probe  
  19  1:16  Probe  
  20  1:24  Cybernetics Core  
  20  1:32  Nexus  
  20  1:36  Probe  
  21  1:42  Pylon  
  21  1:48  Probe  
  21  1:49  Assimilator  
  22  1:57  Adept (Chrono Boost)  
  22  2:00  Probe  
  25  2:12  Probe  
  26  2:17  Adept (Chrono Boost)  
  26  2:22  Stargate  
  28  2:24  Probe  
  29  2:30  Warp Gate  
  30  2:41  Shield Battery  
  30  2:42  Pylon  
  29  2:45  Stalker  
  31  2:53  Pylon  
  35  3:13  Void Ray (Chrono Boost)  
  34  3:20  Probe  
  34  3:21  Probe  
  32  3:32  Probe  
  33  3:34  Probe  
  33  3:39  Sentry  
  34  3:44  Probe  
  34  3:47  Probe  
  35  3:56  Probe  
  35  3:59  Oracle (Chrono Boost), Probe  
  38  4:09  Probe  
  39  4:11  Probe  
  40  4:21  Probe, Stalker  
  40  4:24  Probe  
  44  4:29  Pylon  
  44  4:36  Probe (Chrono Boost)  
  44  4:37  Probe (Chrono Boost)  
  46  4:41  Gateway  
  46  4:45  Probe (Chrono Boost)  
  48  4:47  Probe (Chrono Boost), Oracle  
  48  4:50  Probe (Chrono Boost)  
  51  4:58  Probe  
  47  5:02  Probe  
  45  5:10  Gateway, Probe  
  45  5:14  Probe  
  45  5:22  Probe  
  45  5:26  Probe (Chrono Boost)  
  47  5:29  Twilight Council  
  48  5:38  Probe (Chrono Boost)  
  48  5:39  Sentry, Probe (Chrono Boost), Stalker  
  53  5:46  Probe (Chrono Boost)  
  53  5:48  Shield Battery, Probe (Chrono Boost)  
  55  5:56  Probe  
  56  5:58  Probe  
  56  6:00  Pylon  
  56  6:01  Blink (Chrono Boost)  
  56  6:03  Assimilator  
  57  6:05  Assimilator  
  57  6:08  Probe  
  58  6:12  Probe  
  58  6:16  Stalker  
  61  6:22  Probe  
  61  6:23  Stalker  
  64  6:27  Probe  
  64  6:28  Pylon  
  65  6:34  Probe  
  65  6:37  Stalker  
  69  6:40  Probe  
  69  6:43  Nexus  
  69  6:51  Stalker  
  69  6:52  Stalker  
  73  6:56  Probe x2  
  75  7:07  Stalker  
  75  7:08  Probe x2  
  77  7:20  Probe  
  77  7:22  Pylon  
  78  7:23  Robotics Facility  
  78  7:27  Pylon, Dark Shrine  
  78  7:40  Probe x2, Stalker x3  
  78  7:41  Shield Battery  
  86  7:45  Charge (Chrono Boost)  
  86  7:51  Pylon  
  86  7:52  Probe  
  86  7:57  Probe  
  86  8:00  Probe  
  86  8:04  Probe  
  88  8:06  Stalker x3  
  88  8:09  Probe  
  88  8:11  Forge  
  95  8:17  Probe  
  96  8:30  Gateway  
  96  8:32  Gateway  
  94  8:35  Gateway  
  94  8:37  Gateway  
  94  8:39  Dark Templar x3  
  94  8:40  Gateway  
  100  8:47  Observer  
  101  8:49  Photon Cannon  
  101  9:04  Robotics Bay  
  101  9:05  Pylon  
  101  9:07  Pylon  
  101  9:08  Probe x2  
  95  9:12  Stalker x3  
  95  9:25  Stalker  
  95  9:30  Stalker x2  
  85  9:35  Stalker  
  63  9:40  Zealot x3  
  63  9:41  Zealot  

Tags
 
Add a new tag
Caveats
  • Supply blocks, unpowered buildings, or Contaminate may cause inaccurate times.
  • Supply counts are checked every 10 seconds.